← All builds
Geo / Armada / Economy first / OBSERVED BUILD

Standard geo

Armada Geo build order · Supreme Isthmus

Economy-first Geo that rushes geothermal power and T2 constructor, then builds T2 units (mostly Starlight) to send to front while also supplying constructors and rez bots to allies.

Usually blows up the commander for T2 (67%)

#eco #t2 #team support · 838 distinct matches · 118 players · 57% of Armada Geo games · team won 54% of 945 · Recently observed

HOW TO PLAY IT

Key timing: Geothermal Powerplant by 3:26

  1. Open mex and wind, start bot lab immediately.
  2. Finish bot lab and begin feeding army and cons.
  3. Finish geothermal plant to fund the T2 push.
  4. Push T2 constructor, then advanced geothermal by 7:15.
  5. Bring first Starlight to front, switch into T2 con supply for allies.

Phase by phase

TYPICAL OF ITS 838 GAMES
  1. 1
  2. 2
  3. 3
  4. 4
PLAY THE OPENING

Follow the example game's first 6:00 step by step: what to build now, what comes next, and where it goes. At 1× it keeps pace with your own game.

  1. 1

    Up to the Bot Lab

    Economy
    • Metal Extractor2Mex
    • Wind Turbine4Wind
    Order
    1. Bot LabBot Lab after 2 mex, 4 winddone ~1:09, middle half 0:58–1:21

    By 0:52 in all: 2 mex · 4 wind

    The example game in this phase · 3 steps
    1. Mex ×2
    2. Wind ×3
    3. Bot LabBot Labdone 0:58 · typical 1:09
  2. 2

    Bot Lab to 5:00

    Economy
    • Metal Extractor2Mex
    • Wind Turbine3Wind
    • Energy Converter8Converter
    • Energy Storage1Energy storage
    Order
    1. Geothermal PowerplantGeo after 4 mex, 5 wind, 1 energy storage
    2. Bot LabEat Bot Lab
    Builders
    • Construction Turret5 Con turret
    • Lazarus4 Lazarus
    • Construction Bot2 Con bot
    • Construction Bot1 Con bot for allies
    • Lazarus1 Lazarus for allies

    By 5:00 in all: 4 mex · 7 wind · 1 geo · 8 converter · 1 energy storage · 5 con turret

    The example game in this phase · 30 steps
    1. Wind
    2. LazarusLazarus
    3. Wind ×2
    4. LazarusLazarusfor Beach sea
    5. Wind ×2
    6. Construction BotCon botfor Beach sea
    7. Construction BotCon bot
    8. Converter
    9. LazarusLazarus
    10. Mex ×2
    11. LazarusLazarus
    12. Converter
    13. CenturionCenturionfor Pond
    14. Converter ×2
    15. CenturionCenturionfor Pond
    16. Converter ×2
    17. LazarusLazarus
    18. Geothermal PowerplantGeodone 3:40 · typical 3:27
    19. Con turret
    20. Bot LabEat Bot Labreclaimed for its metal
    21. Con turret
    22. Converter
    23. Con turret ×2
    24. Energy storage
    25. Converter
    26. Con turret
    27. Converter ×2
    28. Energy storagefor Beach sea
    29. Con turret
    30. Wind
  3. 3

    5:00 to Vehicle Plant

    Order
    1. Advanced Geothermal PowerplantAdvanced Geothermal Powerplant after 8 wind, 10 converter, 6 con turretin 59% of games
    2. Vehicle PlantVehicle Plant after 10 wind, 10 converter, 6 con turretdone ~7:07, middle half 6:41–7:34
    Builders
    • Construction Turret1 Con turret

    Some games also: converter (50%) · wind (47%)

    By 6:59 in all: 4 mex · 10 wind · 1 geo · 1 Advanced Geothermal Powerplant · 10 converter · 1 energy storage

    The example game in this phase · 8 steps
    1. Wind
    2. Advanced Metal ExtractorT2 mex ×2done 5:40 · typical 5:35
    3. Wind
    4. Con turret
    5. Advanced Metal ExtractorT2 mex ×2
    6. Advanced Geothermal PowerplantAdvanced Geothermal Powerplantdone 7:02 · typical 7:09
    7. Radar TowerRadar Tower
    8. Vehicle PlantVehicle Plantdone 7:06 · typical 7:07
  4. 4

    Vehicle Plant to 10:00

    Economy
    • Wind Turbine6Wind
    • Energy Converter4Converter
    Order
    1. Advanced Vehicle PlantAdvanced Vehicle Plant after 11 wind, 12 converter, 7 con turret
    2. Vehicle PlantEat Vehicle Plant
    Builders
    • Construction Vehicle1 Con vehicle
    • Advanced Construction Vehicle1 T2 con vehicle for allies
    Army
    • Starlight2 Starlight
    • Umbra1 Jammer
    • Prophet1 Radar vehicle

    Some games also: con turret (50%) · Jaguar (32%) · Radar Tower (30%)

    By 10:00 in all: 4 mex · 21 wind · 1 geo · 1 Advanced Geothermal Powerplant · 16 converter · 1 energy storage

    The example game in this phase · 69 steps
    1. Construction VehicleCon vehicle
    2. Advanced Vehicle PlantAdvanced Vehicle Plantdone 7:50 · typical 8:04
    3. Dragon's TeethDragon's Teeth ×2
    4. Vehicle PlantEat Vehicle Plantreclaimed for its metal
    5. Dragon's TeethDragon's Teeth ×3
    6. Converter ×4
    7. Dragon's TeethDragon's Teeth
    8. Converter
    9. Dragon's TeethDragon's Teeth ×2
    10. Converter ×2
    11. Advanced Construction VehicleT2 con vehiclefor Suicide front
    12. Dragon's TeethDragon's Teeth ×4
    13. Converter
    14. Wind
    15. Converter
    16. StarlightStarlightdone 8:25 · typical 9:03
    17. Wind
    18. Converter ×2
    19. Wind ×2
    20. StarlightStarlight
    21. Wind
    22. Converter
    23. Wind
    24. Converter
    25. UmbraJammer
    26. Wind ×2
    27. ProphetRadar vehicle
    28. Converter
    29. Wind
    30. StarlightStarlight
    31. Wind
    32. Converter ×2
    33. Wind
    34. StarlightStarlight
    35. Wind
    36. Converter ×2
    37. ConsulConsul
    38. Wind
    39. Converter
    40. JaguarJaguar
    41. Wind
    42. ConsulConsul
    43. Converter
    44. Wind
    45. JaguarJaguar
    46. Wind ×3
    47. PlatypusPlatypus
    48. Wind
    49. PlatypusPlatypus
    50. JaguarJaguar
    51. PlatypusPlatypus ×4
    52. Wind
    53. PlatypusPlatypus ×4
    54. PlatypusPlatypusfor Beach sea
    55. Energy storage
    56. PlatypusPlatypus ×2for Beach sea
    57. PlatypusPlatypus
    58. AmbassadorAmbassadordone 12:09
    59. PlatypusPlatypus
    60. Wind
    61. AmbassadorAmbassador
    62. Wind ×3
    63. JaguarJaguar ×7
    64. StarlightStarlight ×3
    65. Con turret
    66. JaguarJaguar ×3
    67. UmbraJammer
    68. ProphetRadar vehicle
    69. GremlinStealth tank

Counts are medians over the build's games: half of them build more, half fewer. The example game is zeus_on_god's (37 OS, 08/10/2026); pick another.

Team trades

IN AT LEAST 30% OF ITS GAMES

You hand over

  • Lazarus1 Lazarus to Beach seafirst at 2:16 · in 78% of games
  • Construction Bot1 Con bot to Beach seafirst at 2:28 · in 88% of games
  • Advanced Construction Vehicle1 T2 con vehicle to Suicide front or Frontfirst at 8:47 · in 64% of games

You get

  • Hercules1 Light transport from Airfirst at 4:20 · in 32% of games
  • Advanced Construction Bot1 T2 con bot from Techfirst at 4:50 · in 94% of games

How it plays out

Typical game of this build, running totals by minute

Metal produced

020k40k
0:005:0010:0015:00

metal

Enemy metal destroyed

05k10k15k
0:005:0010:0015:00

metal

Own metal lost

02k4k6k
0:005:0010:0015:00

metal

945 games.

Show as table
ByMetal produced: This buildEnemy metal destroyed: This buildOwn metal lost: This build
1:0033300
2:0082500
3:00153100
4:00269500
5:00372000
6:00565800
7:00808700
8:0011497042
9:001453254130
10:0017431537260
11:00203831950660
12:002324939121810
13:002606559863205
14:002900183914570
15:0031772105055979
WHAT THE NUMBERS SAY

Standard Geo play, the only build here with a team win rate matching Front at 54%, and by far the heaviest metal producer at 17416 by 10:00.

  • + Metal produced hits 17416 by 10:00, well above every other role at that point.
  • + Starlight makes up 33% of the army composition, a strong T2 presence.
  • − Own metal lost jumps to 6061 by 15:00 after staying at 0 through 10:00, a late spike.
THE EXAMPLE YOU ARE READING

zeus_on_god

37.4 OS · 08/10/2026

Open source match ↗

2 received units · includes a constructor
1995 metal received · 100040 energy received

Allied construction assistance is unknown. Timings are observations, not a promise of solo reproducibility.

Typical milestones

Bot Lab1:09Middle 50%: 0:58–1:21 · n=944
Geothermal Powerplant3:27Middle 50%: 3:11–3:44 · n=942
Advanced Metal Extractor5:35Middle 50%: 5:19–5:58 · n=939
Vehicle Plant7:07Middle 50%: 6:41–7:34 · n=907
Advanced Geothermal Powerplant7:09Middle 50%: 6:50–7:38 · n=676
Advanced Vehicle Plant8:04Middle 50%: 7:40–8:39 · n=867
Starlight9:03Middle 50%: 8:32–9:47 · n=765

Played most by

0neTw0108games of this buildzeus_on_god108games of this buildXad54games of this buildViltrum49games of this buildDamsko43games of this build